 Dungeon Crawl Stone Soup version 0.19-a0-805-g0a78ef0 (webtiles) character file.

27 seren the Chiller (level 2, 0/19 HPs)
             Began as a Demonspawn Ice Elementalist on June 27, 2016.
             Killed from afar by Natasha (12 damage)
             ... with a magic dart
             ... on level 2 of the Dungeon.
             The game lasted 00:07:15 (1241 turns).

seren the Chiller (Demonspawn Ice Elementalist)     Turns: 1241, Time: 00:07:16

Health: 0/19       AC:  2    Str:  8    XL:     2   Next: 93%
Magic:  0/5        EV: 12    Int: 16    God:
Gold:   58         SH:  0    Dex: 13    Spells: 2 memorised, 2 levels left

rFire  + . .     SeeInvis .     r - +0 war axe
rCold  . . .     Gourm    .     a - +0 robe
rNeg   . . .     Faith    .     (no shield)
rPois  .         Spirit   .     (helmet restricted)
rElec  .         Dismiss  .     (no cloak)
rCorr  .         Reflect  .     (no gloves)
SustAt .         Harm     .     (no boots)
MR     .....                    (no amulet)
Stlth  ++........               (no ring)
                                j - ring of protection from fire

@: very slightly contaminated, not resistant to hostile enchantments, unstealthy
A: antennae 1
a: no special abilities


You were on level 2 of the Dungeon.
You were hungry.

You visited 1 branch of the dungeon, and saw 2 of its levels.

You collected 58 gold pieces.

Inventory:

Hand Weapons
 r - a +0 war axe (weapon)
Missiles
 g - 64 stones (quivered)
Armour
 a - a +0 robe (worn)
Jewellery
 j - a ring of protection from fire (left hand)
Scrolls
 e - a scroll of fear {unknown}
 h - a scroll of fog {unknown}
 i - a scroll of blinking {unknown}
 p - a scroll of remove curse {unknown}
 q - a scroll of noise {unknown}
Potions
 k - 2 potions of agility {unknown}
 l - a potion of might {unknown}
 m - a potion of invisibility {unknown}
 n - a potion of curing {unknown}
 o - a potion of mutation {unknown}
Books
 b - a book of Frost

   Spells                             Type                      Level
   a - Freeze                         Ice                          1
   b - Throw Frost                    Conjuration/Ice              2
   c - Ozocubu's Armour               Charms/Ice                   3
   d - Throw Icicle                   Conjuration/Ice              4
   e - Summon Ice Beast               Ice/Summoning                4
Comestibles
 c - a bread ration
 d - 2 beef jerkies
 f - a chunk of flesh


   Skills:
 - Level 1.7 Dodging
 - Level 1.7 Stealth
 - Level 2.0 Spellcasting
 - Level 1.0 Conjurations
 + Level 3.7 Ice Magic


You had 2 spell levels left.
You knew the following spells:

 Your Spells              Type           Power        Failure   Level  Hunger
a - Freeze                Ice            ##..         6%          1    #......
f - Throw Frost           Conj/Ice       #.....       14%         2    ###....


Dungeon Overview and Level Annotations

Branches:
Dungeon (2/15)

Altars:

Annotations:
D:1 worm
D:2 Natasha, Robin


Innate Abilities, Weirdness & Mutations

You have a pair of small antennae on your head.


Message History

Casting: Freeze
Confirm with . or Enter, or press ? or * to list all spells.
Aiming: Freeze
Press: ? - help, Shift-Dir - straight line, f/p - Natasha
Aim: Natasha (severely wounded)
You freeze Natasha.
Natasha is almost dead.
Natasha claws you.
Casting: Freeze
Confirm with . or Enter, or press ? or * to list all spells.
You don't have enough magic to cast that spell.
Throwing (i - inventory):
g - 64 stones (quivered)
Press: ? - help, Shift-Dir - straight line, p - Natasha
Okay, then.
Natasha closely misses you.
Natasha casts a spell.
Natasha casts a spell at you. The magic dart hits you!
Ouch! That really hurt!
You die...

#......... ... ...
#.######.# #.# ..#. #.#
#.# #.#####.#...
#.######.###......5..
#.......<)...# ###.###.#
##>###...##..# #.h%.....
#.# #.#.....# #.#.###.#
#.# #...##.## #.# #
##.#####.##.# #@#
......##.##.# #.#
#.##....##.# #.#
#.##..####.# #.# #
#.##..# #.# #.#.###.#
#..# #.# #.#......
##.##..####.####...>...#
.................#######
######...........#


You could see Natasha.

Vanquished Creatures
  A dart slug (D:1)
  A giant gecko (D:1)
  2 giant cockroaches (D:1)
  4 goblins
  A hobgoblin (D:1)
  5 kobolds
  5 bats
  3 giant newts (D:1)
  A rat (D:1)
23 creatures vanquished.

Notes
Turn   | Place    | Note
--------------------------------------------------------------
     0 | D:1      | seren the Demonspawn Ice Elementalist began the quest for the Orb.
     0 | D:1      | Reached XP level 1. HP: 13/13 MP: 3/3
   138 | D:1      | Reached skill level 3 in Ice Magic
   186 | D:1      | Gained mutation: You have a pair of small antennae on your head. [demonic ancestry]
   186 | D:1      | Reached XP level 2. HP: 19/19 MP: 1/5
   755 | D:1      | Learned a level 2 spell: Throw Frost
  1136 | D:2      | Noticed Robin
  1231 | D:2      | Noticed Natasha
  1241 | D:2      | Killed from afar by Natasha

Vault maps used:
D:1:      lightli_molten_gateway
D:2:      yredelemnul_altar_generic, kennysheep_jessica_study, uniq_natasha,
          uniq_robin

Skill      XL: |  1 |
---------------+----+-----
Ice Magic      | 3 |  3.7
Dodging        | |  1.7
Stealth        | |  1.7
Spellcasting   | |  2.0
Conjurations   | |  1.0

Action                   || total
-------------------------++-------
Melee: Unarmed           ||     3
 Cast: Freeze            ||    37
  Eat: Chunk             ||     1
Armor: Robe              ||     7
Dodge: Dodged            ||    22
